 Dungeon Crawl Stone Soup version 0.20.0-15-g7f486f2 (webtiles) character file.

67 Chiseanne the Magician (level 4, 18/30 HPs)
             Began as a Demonspawn Wizard on June 15, 2017.
             Quit the game on level 2 of the Dungeon.
             The game lasted 00:04:21 (2019 turns).

Chiseanne the Magician (Demonspawn Wizard)          Turns: 2019, Time: 00:04:22

Health: 18/30      AC:  4    Str:  8    XL:     4   Next: 0%
Magic:  6/9        EV: 12    Int: 20    God:
Gold:   71         SH:  0    Dex: 11    Spells: 1/10 levels left

rFire    + . .     SeeInvis .   a - +1 dagger (venom)
rCold    . . .     Gourm    .   (no shield)
rNeg     . . .     Faith    .   c - +0 robe
rPois    .         Spirit   .   (helmet restricted)
rElec    .         Reflect  .   (no cloak)
rCorr    .         Harm     .   (no gloves)
MR       .....                  (no boots)
Stlth    ++........             (no amulet)
Regen    0.1/turn               (no ring)
MPRegen  0.2/turn               (no ring)

@: very slightly contaminated
A: horns 1, icy blue scales 1, fire resistance 1
a: no special abilities


You were on level 2 of the Dungeon.
You were not hungry.

You visited 1 branch of the dungeon, and saw 2 of its levels.

You collected 71 gold pieces.

Inventory:

Hand Weapons
 a - a +1 dagger of venom (weapon)
 k - a +0 mace
Missiles
 h - 92 stones (quivered)
 j - 20 bolts
 n - 16 poisoned needles
 r - 21 arrows
Armour
 b - a +0 hat
 c - a +0 robe (worn)
 s - a +0 helmet
Scrolls
 p - a scroll of identify
Potions
 e - a potion of might
 f - 2 potions of ambrosia
 g - a potion of invisibility
 i - a potion of curing {unknown}
 l - 2 potions of lignification
 m - 2 potions of heal wounds
 o - a potion of mutation {unknown}
Comestibles
 d - 2 bread rations
 q - 2 chunks of flesh


   Skills:
 - Level 1.7 Dodging
 - Level 1.7 Stealth
 * Level 3.8 Spellcasting
 * Level 2.8 Conjurations
   Level 1.0 Summonings
 - Level 0.8 Translocations


You had one spell level left.
You knew the following spells:

 Your Spells              Type           Power        Failure   Level  Hunger
a - Magic Dart            Conj           ###.         4%          1    None
b - Blink                 Tloc           N/A          14%         2    ##.....
c - Conjure Flame         Conj/Fire      #.......     22%         3    ###....
d - Mephitic Cloud        Conj/Pois/Air  #.......     26%         3    ###....


Dungeon Overview and Level Annotations

Branches:
Dungeon (2/15)

Altars:
Dithmenos
Uskayaw


Innate Abilities, Weirdness & Mutations

You have a pair of small horns on your head.
You are partially covered in icy blue scales. (AC +2)
Your flesh is heat resistant. (rF+)


Message History

You kill the goblin!
The hobgoblin no longer looks unusually strong.
A goblin comes into view.
You hit the hobgoblin.
The hobgoblin is almost dead.
The goblin no longer looks unusually strong.
The hobgoblin misses you.
You hit the hobgoblin.
You kill the hobgoblin!
You closely miss the goblin. The goblin closely misses you.
You hit the goblin.
The goblin is poisoned.
The goblin is heavily wounded.
The goblin barely misses you.
You hit the goblin.
You kill the goblin!
You have reached level 4!
You feel stronger.
Your demonic ancestry asserts itself...
A pair of horns grows on your head!
Your +0 helmet falls away!
Are you sure you want to abandon this character and quit the game? (Confirm with "yes".)

#############
#...##... <.#
###...##.# #.########
#........####.#.@g.))#
#...........#.#.####†#
#........##.....# #.#
###...##......### #)#
#...######..# ...
##.## ##.# .#g##
###...## ##'## #.#.#
.......# #⌠.⌠# # #g.
.#.....# ##...## ###


You could see a goblin.

Vanquished Creatures
  Robin (D:2)
  An adder (D:2)
  A worm (D:2)
  2 dart slugs
  3 leopard geckos (D:2)
  2 giant cockroaches
  10 goblins
  2 hobgoblins (D:2)
  2 jackals (D:2)
  3 kobolds
  A ball python (D:1)
  5 bats
  3 frilled lizards
  3 rats (D:2)
39 creatures vanquished.

Notes
Turn   | Place    | Note
-------+----------+-------------------------------------------
     0 | D:1      | Chiseanne the Demonspawn Wizard began the quest for the Orb.
     0 | D:1      | Reached XP level 1. HP: 13/13 MP: 4/4
   516 | D:1      | Gained mutation: Your flesh is heat resistant. (rF+) [demonic ancestry]
   516 | D:1      | Reached XP level 2. HP: 19/19 MP: 3/6
  1166 | D:2      | Learned a level 2 spell: Blink
  1313 | D:2      | Gained mutation: You are partially covered in icy blue scales. (AC +2) [demonic ancestry]
  1313 | D:2      | Reached XP level 3. HP: 21/24 MP: 4/8
  1354 | D:2      | Learned a level 3 spell: Conjure Flame
  1358 | D:2      | Learned a level 3 spell: Mephitic Cloud
  1964 | D:2      | Found a shadowy altar of Dithmenos.
  1964 | D:2      | Found a hide-covered altar of Uskayaw.
  1985 | D:2      | Noticed Robin
  2005 | D:2      | Killed Robin
  2018 | D:2      | Gained mutation: You have a pair of small horns on your head. [demonic ancestry]
  2018 | D:2      | Reached XP level 4. HP: 18/30 MP: 6/9
  2019 | D:2      | Quit the game

Skill      XL: |  1  2 |
---------------+-------+-----
Conjurations   | 2 |  2.8
Dodging        | |  1.7
Stealth        | |  1.7
Spellcasting   | |  3.8
Summonings     | |  1.0
Translocations | |  0.8

Action                   |  1- 3 |  4- 6 || total
-------------------------+-------+-------++-------
Melee: Unarmed           |    12 |       ||    12
       Dagger            |    30 |       ||    30
       Mace              |     4 |       ||     4
 Cast: Magic Dart        |    85 |       ||    85
       Mephitic Cloud    |     1 |       ||     1
  Use: Scroll            |     6 |       ||     6
  Eat: Chunk             |     3 |       ||     3
Armor: Robe              |    28 |       ||    28
Dodge: Dodged            |    51 |       ||    51
